 Dungeon Crawl Stone Soup version 0.23.2-1-ga50397a6bc (webtiles) character file.

Game seed: 8837212259840219325

80 Menchi the Shooter (level 4, -6/27 HPs)
             Began as a Kobold Hunter on May 8, 2019.
             Mangled by Sigmund
             ... wielding a +0 antimagic scythe
              (9 damage)
             ... on level 2 of the Dungeon.
             The game lasted 00:04:29 (1004 turns).

Menchi the Shooter (Kobold Hunter)                  Turns: 1004, Time: 00:04:30

Health: -6/27      AC: 11    Str:  9    XL:     4   Next: 65%
Magic:  0/4        EV: 16    Int: 12    God:
Gold:   95         SH:  0    Dex: 16    Spells: 3/3 levels left

rFire    . . .     SeeInvis .   a - +1 shortbow
rCold    . . .     Gourm    .   (shield currently unavailable)
rNeg     . . .     Faith    .   c - +0 leather armour
rPois    .         Spirit   .   (no helmet)
rElec    .         Reflect  .   (no cloak)
rCorr    .         Harm     .   (no gloves)
MR       .....                  (no boots)
Stlth    ++........             (no amulet)
HPRegen  0.09/turn              o - +5 ring of protection
MPRegen  0.09/turn              n - +3 ring of protection

@: no status effects
A: small, carnivore
a: no special abilities


You were on level 2 of the Dungeon.
You were very full.

You visited 1 branch of the dungeon, and saw 2 of its levels.

You collected 95 gold pieces.

Inventory:

Hand Weapons
 a - a +1 shortbow (weapon)
 b - a +0 short sword
Missiles
 h - 8 arrows (quivered)
Armour
 c - a +0 leather armour (worn)
Jewellery
 n - a +3 ring of protection (right hand)
 o - a +5 ring of protection (left hand)
Scrolls
 j - a scroll of identify {unknown}
 l - 2 scrolls of amnesia {unknown}
Potions
 d - a potion of magic {unknown}
 e - a potion of mutation {unknown}
 g - a potion of degeneration {unknown}
 i - a potion of lignification {unknown}
 k - a potion of ambrosia {unknown}
 m - a potion of curing {unknown}
Comestibles
 f - 4 rations
 p - 2 chunks of flesh


   Skills:
 + Level 2.9 Fighting
 * Level 4.7 Bows
 * Level 3.9 Dodging
 - Level 1.3 Stealth


You had 3 spell levels left.
You didn't know any spells.
Your spell library was empty.

Dungeon Overview and Level Annotations

Branches:
Dungeon (2/15)

Altars:
Xom
Zin

Annotations:
D:2 Sigmund


Innate Abilities, Weirdness & Mutations

You are small and have problems with some larger weapons.
You are carnivorous and can eat meat at any time.


Message History

Aim: a worm (heavily wounded)
You shoot an arrow. The arrow barely misses the worm.
The dart slug closely misses you.
Firing (i - inventory)
h - 10 arrows (quivered)
Press: ? - help, Shift-Dir - straight line, f/p - worm
Aim: a worm (moderately wounded)
You shoot an arrow. The arrow hits the worm.
The worm is severely wounded.
You feel less confused. Something hits you!
* * * LOW HITPOINT WARNING * * *
You feel your power leaking away. The dart slug barely misses you.
Firing (i - inventory)
h - 9 arrows (quivered)
Press: ? - help, Shift-Dir - straight line, f/p - worm
Aim: a worm (severely wounded)
You shoot an arrow. The arrow hits the worm!
You kill the worm!
Something hits you!
You die...

#†#.####.......#
#..............#
#..............# #+##
#..............# ...##
#..............########
....#
#.####.#########......#
....# #(####.# ...!..#
....#
#...(.w#########......#
....##
#####.@({((((.........#
.....#
.......(.#######.......#
.(<..#
.#####.#.#.....#.......#
(#(#...... ###.....#
#.......# #@# .....
#....(####.##.......#
.(# ..[.
#.####.....##.#.....#
..# .... #.
#.######.#.....# ...#
.(..# #.
#.######.#.....# ...#
.....
..####........#....##


You could see a dart slug.

Vanquished Creatures
  2 adders
  A worm (D:2)
  5 dart slugs
  2 leopard geckos (D:1)
  3 giant cockroaches
  6 goblins
  5 hobgoblins
  5 jackals
  A ball python (D:2)
  6 bats
  A frilled lizard (D:2)
  3 kobolds
  4 rats
44 creatures vanquished.

Notes
Turn   | Place    | Note
-------+----------+-------------------------------------------
     0 | D:1      | Menchi the Kobold Hunter began the quest for the Orb.
     0 | D:1      | Reached XP level 1. HP: 12/12 MP: 1/1
    74 | D:1      | Reached XP level 2. HP: 18/18 MP: 2/2
   392 | D:1      | Reached XP level 3. HP: 22/22 MP: 3/3
   701 | D:2      | Noticed Sigmund
   741 | D:2      | Found a shimmering altar of Xom.
   822 | D:2      | Reached XP level 4. HP: 27/27 MP: 4/4
   833 | D:2      | Found a glowing silver altar of Zin.
  1004 | D:2      | Mangled by Sigmund

Skill      XL: |  1  2 |
---------------+-------+-----
Dodging        | 3 |  3.9
Fighting       | |  2.9
Bows           | |  4.7
Stealth        | |  1.3

Action                   |  1- 3 |  4- 6 || total
-------------------------+-------+-------++-------
Melee: Shortbow          |     3 |     1 ||     4
 Fire: Shortbow          |    74 |    47 ||   121
  Use: Scroll            |     2 |       ||     2
  Eat: Chunk             |     8 |       ||     8
Armor: Leather armour    |     2 |    13 ||    15
Dodge: Dodged            |    23 |    27 ||    50
